 Dungeon Crawl Stone Soup version 0.29-a0-221-gceb61267dd (webtiles) character file.

Game seed: 11245955865495191140

77 Inarius the Skirmisher (level 4, -4/35 HPs)
             Began as a Demonspawn Fighter on Feb 26, 2022.
             Killed by nerve-wracking pain
             ... invoked by Grinder
              (14 damage)
             ... on level 3 of the Dungeon.
             The game lasted 00:01:33 (2067 turns).

Inarius the Skirmisher (Demonspawn Fighter)         Turns: 2067, Time: 00:01:33

Health: -4/35      AC:  8    Str: 18    XL:     4   Next: 13%
Magic:  4/4        EV:  9    Int:  9    God:
Gold:   61         SH:  8    Dex: 13    Spells: 3/3 levels left

rFire   . . .      SeeInvis .   a - +0 war axe
rCold   . . .      Faith    .   c - +0 buckler
rNeg    . . .      Spirit   .   b - +0 scale mail
rPois   .          Reflect  .   (no helmet)
rElec   .          Harm     .   (no cloak)
rCorr   .          Rampage  .   m - +0 pair of gloves
Will    .....                   (no boots)
Stlth   ..........              (no amulet)
HPRegen 0.11/turn               (no ring)
MPRegen 0.09/turn               (no ring)

@: mighty
A: foul stench 1, condensation shield
a: no special abilities


You were on level 3 of the Dungeon.
You visited 1 branch of the dungeon, and saw 3 of its levels.

You collected 61 gold pieces.

Inventory:

Hand Weapons
 a - a +0 war axe (weapon)
 p - a +2 spear of venom
Armour
 b - a +0 scale mail (worn)
 c - a +0 buckler (worn)
 m - a +0 pair of gloves (worn)
Scrolls
 e - 3 scrolls of identify {unknown}
 i - 4 scrolls of fear {unknown}
 j - a scroll of blinking {unknown}
 k - 2 scrolls of vulnerability {unknown}
 l - a scroll of amnesia {unknown}
 n - a scroll of teleportation {unknown}
 o - a scroll of enchant weapon {unknown}
Potions
 f - 3 potions of heal wounds {unknown}
 g - a potion of lignification {unknown}
 h - a potion of magic {unknown}


   Skills:
 + Level 3.2 Fighting
 * Level 3.0 Axes
 + Level 3.2 Armour
 + Level 3.1 Shields


You had 3 spell levels left.
You didn't know any spells.
Your spell library was empty.

Dungeon Overview and Level Annotations

Branches:
Dungeon (3/15)

Altars:

Annotations:
D:3 Grinder


Innate Abilities, Weirdness & Mutations

You may rarely emit foul miasma when damaged in melee.
A meltable shield of frost defends you. (SH +4)


Message History

Found a stone staircase leading up.
There is a stone staircase leading up here.
You see here a +0 robe.
Found a whip.
Done exploring.
Done exploring.
Done exploring.
Done exploring.
(D) Dungeon
Where to? (Enter - D:2 @ (x,y), ? - help)
There is a stone staircase leading down here.
You climb downwards.
There is a stone staircase leading up here.
Grinder is nearby!
You climb upwards.
There is a stone staircase leading down here.
You feel very mighty all of a sudden.
You climb downwards.
Level annotation: Grinder
There is a stone staircase leading up here.
You slash Grinder!
Grinder is moderately wounded.
Grinder gestures at you. Pain shoots through your body!
You barely miss Grinder.
Grinder is moderately wounded.
Grinder hits you but does no damage. Grinder hits you.
You writhe in agony.
You slash Grinder!
Grinder is heavily wounded.
Grinder hits you but does no damage.
You closely miss Grinder.
Grinder is heavily wounded.
Grinder hits you.
You writhe in agony.
* * * LOW HITPOINT WARNING * * *
Grinder hits you but does no damage.
You slice Grinder!!
Grinder is almost dead.
Grinder gestures at you. Pain shoots through your body!
You die...

.. # .. #. #.
##.##. .....
...
#.#########
#.##.<........
#.....@.##.##
####.##5# ...
... ###. ###..
.. ... #. ..
## #


You could see Grinder.

Vanquished Creatures
  4 gnolls
  A dart slug (D:1)
  3 ball pythons (D:1)
  3 endoplasms
  A giant cockroach (D:1)
  3 goblins (D:1)
  5 hobgoblins (D:1)
  3 jackals (D:1)
  3 kobolds (D:1)
  3 bats
  2 frilled lizards (D:1)
  4 rats
35 creatures vanquished.

Notes
Turn   | Place    | Note
-------+----------+-------------------------------------------
     0 | D:1      | Inarius the Demonspawn Fighter began the quest for the Orb.
     0 | D:1      | Reached XP level 1. HP: 18/18 MP: 1/1
   146 | D:1      | Gained mutation: A meltable shield of frost defends you.
                  | (SH +4) [demonic ancestry]
   146 | D:1      | Reached XP level 2. HP: 24/24 MP: 2/2
   570 | D:1      | Found a faded altar of an unknown god.
   715 | D:1      | Reached XP level 3. HP: 27/29 MP: 3/3
  1692 | D:2      | Gained mutation: You may rarely emit foul miasma when
                  | damaged in melee. [demonic ancestry]
  1692 | D:2      | Reached XP level 4. HP: 35/35 MP: 4/4
  2056 | D:3      | Noticed Grinder
  2067 | D:3      | Killed from afar by Grinder

Illustrated notes

Levels and vault maps discovered:
D:1:      dpeg_arrival_simpleton_c, layout_loops_ring,
          ebering_ecumenical_altar_sacrificial
D:2:      layout_loops_ring
D:3:      layout_loops_cross, mainiacjoe_overflow_boulevard,
          kennysheep_another_room, minmay_fractal_squares_5, uniq_terence,
          uniq_grinder, uniq_sigmund

Skill      XL: |  1  2  3 |
---------------+----------+-----
Axes           | 2 3 |  3.0
Armour         | 3 |  3.2
Shields        | 3 |  3.1
Fighting       | |  3.2

Action                   |  1- 3 |  4- 6 || total
-------------------------+-------+-------++-------
Melee: War axe           |    93 |     7 ||   100
  Use: Potion            |       |     1 ||     1
Armor: Scale mail        |    45 |     3 ||    48
Dodge: Dodged            |    36 |       ||    36
Block: Buckler           |    59 |       ||    59

Table legend: (Time is in decaauts)
 A = Elapsed time spent in this place.
 B = Non-inter-level travel time spent in this place.
 C = Inter-level travel time spent in this place.
 D = Time resting spent in this place.
 E = Time spent auto-exploring this place.
 F = Levels seen in this place.
 G = Mean time per level.
                   A        B        C        D        E       F      G
               +--------+--------+--------+--------+--------+-----+--------+
         Total |   2113 |   2063 |     50 |    359 |   1386 |   3 |  704.3 |
       Dungeon |   2113 |   2063 |     50 |    359 |   1386 |   3 |  704.3 |
               +--------+--------+--------+--------+--------+-----+--------+

Top non-repeatable levels by time:
     D:1: 1343 daAuts
     D:2: 759 daAuts
     D:3: 10 daAuts
